Map: Altitude LE

Players

winzboy

  • Race: Protoss Protoss
  • League: Gold
  • Spawn Location: 1:00

VOD

Have the link to the VOD?

Description

Time

  • Played on: May 26, 2023, 3:34 a.m.
  • Length: 24:53
Show
View Real Time Build Order
Export as new Build Order

winzboy Protoss 

Build Orders:  

Get SALT Encoding   

  12  0:09  Probe (Chrono Boost)  
  13  0:25  Probe (Chrono Boost)  
  14  0:33  Pylon  
  14  0:42  Probe (Chrono Boost)  
  16  1:01  Probe (Chrono Boost), Gateway  
  16  1:13  Probe (Chrono Boost)  
  16  1:19  Assimilator  
  17  1:24  Probe (Chrono Boost)  
  18  1:37  Probe (Chrono Boost)  
  19  2:06  Nexus  
  19  2:29  Cybernetics Core  
  19  2:38  Probe (Chrono Boost)  
  20  2:44  Pylon  
  20  2:50  Assimilator  
  20  2:55  Probe (Chrono Boost)  
  21  3:12  Probe (Chrono Boost)  
  21  3:14  Stalker (Chrono Boost)  
  22  3:27  Probe  
  25  3:47  Probe  
  25  3:49  Stalker (Chrono Boost)  
  26  4:20  Warp Gate (Chrono Boost)  
  26  4:25  Stalker (Chrono Boost)  
  24  4:41  Shield Battery  
  19  5:31  Probe x2  
  19  5:36  Stalker  
  23  5:48  Probe x2  
  25  6:18  Stalker  
  27  6:24  Probe x2  
  29  6:39  Probe (Chrono Boost)  
  29  6:40  Probe (Chrono Boost)  
  31  6:52  Probe (Chrono Boost)  
  31  6:53  Probe (Chrono Boost)  
  33  7:00  Gateway  
  33  7:03  Probe (Chrono Boost)  
  33  7:04  Probe (Chrono Boost)  
  35  7:11  Gateway  
  35  7:18  Robotics Facility  
  36  7:21  Probe (Chrono Boost)  
  36  7:28  Stalker  
  38  7:48  Probe (Chrono Boost)  
  38  7:49  Probe (Chrono Boost)  
  40  8:05  Probe (Chrono Boost), Pylon  
  40  8:06  Probe (Chrono Boost)  
  40  8:07  Twilight Council  
  42  8:11  Pylon  
  42  8:22  Probe (Chrono Boost)  
  42  8:23  Probe (Chrono Boost)  
  44  8:40  Immortal  
  44  8:42  Robotics Bay  
  44  8:47  Pylon  
  48  8:51  Stalker x2  
  48  8:52  Stalker  
  56  9:00  Probe x2 (Chrono Boost)  
  56  9:02  Assimilator  
  56  9:07  Assimilator  
  56  9:13  Pylon  
  56  9:15  Probe x2 (Chrono Boost)  
  58  9:31  Probe x2  
  58  9:35  Warp Prism  
  60  9:48  Probe  
  63  10:01  Sentry  
  63  10:02  Sentry  
  67  10:24  Charge, Colossus  
  67  10:25  Zealot  
  75  10:40  Extended Thermal Lance (Chrono Boost)  
  75  10:47  Zealot  
  77  11:04  Nexus  
  77  11:07  Pylon  
  77  11:10  Pylon  
  77  11:14  Pylon  
  77  11:22  Gateway  
  77  11:24  Gateway  
  77  11:28  Gateway  
  77  11:30  Gateway  
  77  11:35  Gateway  
  77  11:37  Gateway  
  77  11:40  Gateway  
  77  11:49  Zealot x2  
  81  11:50  Zealot  
  83  12:03  Forge  
  83  12:22  Templar Archives  
  83  12:23  Zealot  
  83  12:24  Zealot x2  
  89  12:39  Colossus (Chrono Boost)  
  95  12:51  Zealot x2  
  95  12:52  Zealot x2  
  103  13:21  Probe  
  104  13:32  Pylon  
  104  13:34  Pylon  
  104  13:36  Zealot  
  104  13:37  Zealot  
  104  13:38  Probe, High Templar  
  104  13:39  High Templar  
  113  13:41  Pylon  
  113  13:42  High Templar  
  113  13:44  High Templar  
  113  13:45  Pylon  
  117  13:51  Archon x2  
  117  13:57  Probe  
  118  14:14  Probe  
  118  14:19  Unknown  
  89  14:31  Probe  
  89  14:37  High Templar, Zealot  
  89  14:38  Zealot x2  
  89  14:39  Zealot x2  
  82  14:40  Zealot x2  
  82  14:41  Zealot  
  82  14:45  Unknown  
  76  14:51  Unknown, Zealot  
  68  15:07  Zealot  
  68  15:08  Zealot x2  
  68  15:09  Zealot x2  
  76  15:10  Zealot  
  76  15:16  High Templar  
  76  15:17  High Templar  
  76  15:37  High Templar x2  
  76  15:38  High Templar x2  
  76  15:39  High Templar  
  86  15:40  High Templar  
  86  15:43  Protoss Ground Weapons Level 1  
  94  15:51  Colossus (Chrono Boost)  
  94  15:54  Zealot  
  94  15:55  Zealot  
  98  16:02  Archon x2  
  98  16:03  Archon x2  
  98  16:05  High Templar  
  100  16:15  Assimilator  
  100  16:20  Assimilator  
  100  16:22  Zealot  
  100  16:25  Zealot  
  100  16:26  Pylon, Zealot x2  
  100  16:27  Zealot x2  
  100  16:28  Pylon, Zealot  
  114  16:40  Zealot x2  
  118  17:03  Forge  
  118  17:10  Zealot x2  
  118  17:11  Zealot x2  
  118  17:12  Zealot  
  134  17:28  Colossus (Chrono Boost)  
  134  17:47  Zealot  
  134  17:48  Zealot x2  
  134  17:49  Zealot x2  
  144  17:50  Zealot  
  144  17:51  Zealot x2  
  56  19:22  Zealot  
  56  19:23  Zealot x2  
  56  19:24  Zealot x2  
  56  19:25  Zealot x2  
  56  19:26  Zealot x2  
  56  19:27  Zealot  
  76  19:35  Pylon  
  76  19:51  Gateway  
  76  19:52  Gateway  
  76  19:55  Gateway  
  76  19:59  Gateway  
  76  20:03  Zealot  
  76  20:04  Zealot x2, Gateway x2  
  76  20:05  Zealot x2  
  76  20:06  Zealot  
  76  20:07  Zealot  
  76  20:08  Pylon  
  90  20:11  Pylon  
  90  20:14  High Templar x2  
  90  20:15  High Templar  
  96  20:28  Unknown  
  96  20:47  Zealot  
  96  20:48  Zealot x2  
  96  20:49  High Templar, Zealot  
  106  20:50  High Templar x2  
  106  20:55  Archon x2  
  106  20:57  Archon  
  116  21:15  Colossus (Chrono Boost)  
  116  21:29  Nexus  
  116  21:42  Zealot  
  116  21:43  Zealot x2  
  116  21:44  Zealot  
  124  22:02  Zealot  
  128  22:25  Warp Prism (Chrono Boost)  
  128  22:30  High Templar  
  128  22:31  High Templar x2  
  128  22:32  High Templar x2  
  128  22:33  High Templar x2  
  128  22:34  High Templar x2  
  128  22:37  Zealot x2  
  128  22:39  Zealot  
  152  22:45  Archon x2  
  152  22:46  Archon x2  
  137  23:11  Unknown  
  137  23:13  Zealot x2  
  137  23:14  Zealot  
  137  23:15  Zealot  
  124  23:21  Unknown  
  124  23:26  High Templar x2  
  124  23:27  High Templar x2  
  124  23:28  High Templar  
  124  23:29  High Templar x2  
  110  23:38  Unknown  
  88  23:44  Archon  
  88  23:46  Archon  
  76  23:57  Observer  
  57  24:01  Stalker  
  57  24:02  Stalker  
  53  24:16  Zealot  
  53  24:17  Unknown, Zealot x2  
  53  24:18  Zealot x3  
  53  24:19  Zealot  
  45  24:41  Zealot x2  
  45  24:42  Zealot x2  
Tags
 
League
Gold
Matchup
Co-op
Replay Pack
Multiplayer
Add a new tag
Caveats
  • Supply blocks, unpowered buildings, or Contaminate may cause inaccurate times.
  • Supply counts are checked every 10 seconds.